 Dungeon Crawl Stone Soup version 0.29.1-1-gd02db6906a (webtiles) character file.

Game seed: 9354321878017478843

10568 Icepheonix32 the Fighter (level 11, -8/101 HPs)
             Began as a Minotaur Fighter on Sept 19, 2022.
             Was a High Priest of Okawaru.
             Killed from afar by an acid dragon (31 damage)
             ... with a splash of acid
             ... on level 10 of the Dungeon.
             The game lasted 00:17:28 (12289 turns).

Icepheonix32 the Fighter (Minotaur Fighter)        Turns: 12289, Time: 00:17:29

Health: -8/101     AC: 19    Str: 21    XL:     11   Next: 37%
Magic:  14/14      EV: 13    Int:  4    God:    Okawaru [*****.]
Gold:   487        SH:  6    Dex: 19    Spells: 10/10 levels left

rFire   + . .      SeeInvis .   E - +8 broad axe "Timetac" {protect, rF+ Dex+2}
rCold   . . .      Faith    +   c - +0 buckler
rNeg    . . .      Spirit   .   b - +0 scale mail
rPois   .          Reflect  .   (helmet restricted)
rElec   .          Harm     .   r - +1 cloak
rCorr   .          Rampage  .   (no gloves)
Will    .....                   (no boots)
Stlth   +.........              H - amulet of faith
HPRegen 0.26/turn               i - +4 ring of protection
MPRegen 0.14/turn               h - +4 ring of protection

@: no status effects
A: horns 2, retaliatory headbutt, agile 1
a: Renounce Religion, Heroism, Finesse, Duel


You were on level 10 of the Dungeon.
You worshipped Okawaru.
Okawaru was extremely pleased with you.
You visited 2 branches of the dungeon, and saw 12 of its levels.

You collected 487 gold pieces.

Inventory:

Hand Weapons
 a - a +1 war axe
 p - a +3 flail of freezing
 v - a +2 whip of flaming
 E - the +8 broad axe "Timetac" (weapon) {protect, rF+ Dex+2}
   (Okawaru gifted it to you on level 10 of the Dungeon)

   It grants its wielder temporary protection when it strikes (+7 to AC).
   Dex:       It affects your dexterity (+2).
   rF:        It protects you from fire.
 F - a +4 vorpal whip
Missiles
 t - 2 throwing nets
 G - 10 javelins
 M - 5 boomerangs
Armour
 b - a +0 scale mail (worn)
 c - a +0 buckler (worn)
 r - a +1 cloak (worn)
Jewellery
 h - a +4 ring of protection (right hand)
 i - a +4 ring of protection (left hand)
 H - an amulet of faith (around neck)
Wands
 k - a wand of digging (4)
 y - a wand of quicksilver (10)
 A - a wand of roots (14)
Scrolls
 e - a scroll of silence
 j - 2 scrolls of vulnerability
 n - 6 scrolls of amnesia
 s - 5 scrolls of enchant weapon
 D - 3 scrolls of identify
 J - a scroll of enchant armour
Potions
 f - a potion of resistance
 g - a potion of brilliance
 m - 2 potions of curing
 o - 3 potions of cancellation
 q - a potion of attraction
 x - a potion of magic
 B - a potion of mutation
 K - 4 potions of flight
Miscellaneous
 C - a condenser vane
 L - a lightning rod (4/4)


   Skills:
 * Level 10.5 Fighting
 + Level 8.7(10.1) Axes
 - Level 7.9(9.7) Maces & Flails
 + Level 0.8 Throwing
 + Level 10.0 Armour
 + Level 5.8 Dodging
 + Level 1.2 Stealth
 + Level 7.2 Shields
 * Level 6.5 Invocations


You had 10 spell levels left.
You didn't know any spells.
Your spell library contained the following spells:

 Spells                   Type           Power      Damage    Failure   Level
 Sting                    Tmut/Pois      0%         1d3       86%         1
 Poisonous Vapours        Pois/Air       0%         N/A       94%         2
 Ozocubu's Armour         Ice            0%         N/A       99%         3
 Olgreb's Toxic Radiance  Pois           0%         N/A       100%        4
 Metabolic Englaciation   Hex/Ice        0%         N/A       100%        5
 Simulacrum               Ice/Necr       Unusable   N/A       N/A         6

Dungeon Overview and Level Annotations

Branches:
Dungeon (11/15)            Temple (1/1) D:4            Lair (0/5) D:10
    Orc: D:9-12

Altars:
Ashenzari
Cheibriados
Elyvilon
Fedhas
Gozag
Hepliaklqana
Kikubaaqudgha
Makhleb
Nemelex Xobeh
Okawaru
Qazlal
Sif Muna
Uskayaw
Vehumet
Wu Jian
Xom
Yredelemnul
Zin
The Shining One

Shops:
D:5 =   D:9 *

Annotations:
D:9 3 runed translucent doors, om's ghost, novice PaBe


Innate Abilities, Weirdness & Mutations

You have a pair of horns on your head.
You reflexively headbutt those who attack you in melee.
You are agile. (Dex +4, Str/Int -1)


Message History

Unknown command.
You cannot move.
Unknown command.
You cannot move.
You cannot move.
Unknown command.
You cannot move.
You cannot move.
Unknown command.
Your transformation is almost over.
An acid dragon comes into view.
Unknown command.
An acid dragon is nearby!
You feel less wooden.
Your +1 cloak unmelds from your body.
Your +0 scale mail unmelds from your body.
An acid dragon is nearby!
The acid dragon spits acid at you. The splash of acid hits you!
An acid dragon is nearby!
You are too injured to fight recklessly!
The death yak bellows!
The acid dragon spits acid at you. The splash of acid hits you!
* * * LOW HITPOINT WARNING * * *
You hear a shout!
The acid dragon barely misses you. You furiously retaliate!
You headbutt the acid dragon! You block the acid dragon's attack.
Unknown command.
You barely miss the acid dragon.
You headbutt the acid dragon, but do no damage.
The acid dragon is moderately wounded.
You block the acid dragon's attack.
The acid dragon claws you but does no damage.
Unknown command.
You closely miss the acid dragon.
The acid dragon is moderately wounded.
The acid dragon spits acid at you. The splash of acid hits you!!
You die...

≈≈§§§≈D§≈≈≈≈§≈§≈≈≈≈§§§§≈≈≈§§≈≈≈≈≈
≈≈≈≈≈§≈§.§≈§≈≈≈≈.§§≈≈≈≈≈§≈≈≈§≈§≈
≈..≈≈D...≈ ..$§..≈≈≈≈..≈≈§≈....
.§§.......§ ... ..§......§....
..........# #.#..######.§##### ..
...#.#.# #.#..# #..#####
.####...#.# #....# #...)...
........#.######.#..##.# #####...
...............D@....'.# #..÷
.#####.##.######.....#.# #...
.#####.....#####.#...# ' +._.
................Y....# #..#
....................... #..#
.#.######.#####........# ###..'
.....r.................. .....#
#..##................##' ......
.#.#......#............ .#####


You could see a death yak and an acid dragon (catching breath).

Vanquished Creatures
  A two-headed ogre (D:9)
  2 death yaks (D:10)
  An ugly thing (D:11)
  A cyclops (D:11)
  A komodo dragon (D:9)
  5 trolls
  A hornet (D:9)
  Sigmund (D:4)
  2 wraiths
  A vampire (D:10)
  10 yaks
  A wyvern (D:9)
  A steam dragon (D:8)
  Menkaure (D:4)
  A water moccasin (D:5)
  2 ice beasts
  A black bear (D:6)
  3 orc warriors
  2 sky beasts
  3 ogres
  A centaur (D:9)
  A kobold brigand (D:8)
  3 bullfrogs (D:7)
  2 necrophages
  6 scorpions
  4 wights (D:8)
  11 killer bees
  2 howler monkeys (D:10)
  4 crimson imps (D:6)
  3 lava snakes (D:10)
  A hound (D:5)
  6 orc priests
  Crazy Yiuf (D:2)
  3 jellies
  3 gnoll boudas
  Terence (D:2)
  4 iguanas
  13 orc wizards
  Robin (D:2)
  8 adders
  15 gnolls
  2 river rats (D:10)
  A white imp (D:7)
  5 worms
  5 dart slugs
  44 orcs
  9 bats
  8 endoplasms
  A giant cockroach (D:2)
  8 goblins (D:2)
  8 hobgoblins
  4 jackals (D:5)
  7 quokkas
  10 ball pythons
  4 frilled lizards
  11 kobolds
  2 rats
263 creatures vanquished.

Vanquished Creatures (others)
  An orc wizard (D:8)
  2 gnolls (D:8)
  2 plants (D:3)
5 creatures vanquished.

Grand Total: 268 creatures vanquished

Notes
Turn   | Place    | Note
-------+----------+-------------------------------------------
     0 | D:1      | Icepheonix32 the Minotaur Fighter began the quest for the
                  | Orb.
     0 | D:1      | Reached XP level 1. HP: 19/19 MP: 0/0
   159 | D:1      | Reached XP level 2. HP: 25/27 MP: 1/1
   179 | D:1      | Found a faded altar of an unknown god.
   662 | D:1      | Found a burning altar of Makhleb.
   677 | D:2      | Noticed Robin
   678 | D:2      | Noticed Terence
   683 | D:2      | Reached XP level 3. HP: 34/34 MP: 2/2
   687 | D:2      | Killed Terence
   691 | D:2      | Reached XP level 4. HP: 28/41 MP: 3/3
   698 | D:2      | Killed Robin
   710 | D:2      | Found a shimmering blue altar of Sif Muna.
   981 | D:2      | Reached skill level 5 in Fighting
  1093 | D:2      | Reached XP level 5. HP: 45/48 MP: 4/4
  1267 | D:2      | Found a runed translucent door.
  1268 | D:2      | Noticed Crazy Yiuf
  1344 | D:2      | Killed Crazy Yiuf
  1580 | D:3      | Found a blossoming altar of Fedhas.
  1899 | D:3      | Reached skill level 1 in Dodging
  2243 | D:3      | Reached XP level 6. HP: 55/56 MP: 5/5
  2756 | D:4      | Reached skill level 5 in Axes
  2791 | D:4      | Reached skill level 5 in Armour
  3044 | D:4      | Reached XP level 7. HP: 47/63 MP: 6/6
  3216 | D:4      | Found a staircase to the Ecumenical Temple.
  3220 | D:4      | Noticed Menkaure
  3230 | D:4      | Killed Menkaure
  3245 | Temple   | Entered the Ecumenical Temple
  3432 | Temple   | Became a worshipper of Warmaster Okawaru
  3682 | D:4      | Noticed Sigmund
  3689 | D:4      | Killed Sigmund
  3692 | D:4      | Reached skill level 1 in Invocations
  3940 | D:5      | Entered Level 5 of the Dungeon
  4015 | D:5      | Found a white marble altar of Elyvilon.
  4086 | D:5      | Reached XP level 8. HP: 54/71 MP: 6/8
  4321 | D:5      | Reached * piety under Okawaru
  4484 | D:5      | Found Qeof's Jewellery Shoppe.
  4519 | D:5      | Found a stormy altar of Qazlal.
  5359 | D:6      | Reached ** piety under Okawaru
  5429 | D:6      | Reached skill level 5 in Shields
  5542 | D:6      | Found a shimmering altar of Xom.
  5547 | D:6      | Reached XP level 9. HP: 81/81 MP: 10/10
  5773 | D:6      | Found a hide-covered altar of Uskayaw.
  5950 | D:6      | Reached skill level 1 in Maces & Flails
  6456 | D:7      | Found an ancient bone altar of Kikubaaqudgha.
  7146 | D:8      | Found a hazy altar of Hepliaklqana.
  7562 | D:8      | Reached skill level 1 in Stealth
  8035 | D:8      | Reached *** piety under Okawaru
  8383 | D:8      | Reached skill level 5 in Maces & Flails
  8455 | D:9      | Noticed a komodo dragon
  8464 | D:9      | Killed a komodo dragon
  8699 | D:9      | Noticed a two-headed ogre
  8706 | D:9      | Reached XP level 10. HP: 79/90 MP: 12/12
  8725 | D:9      | Killed a two-headed ogre
  8726 | D:9      | Reached skill level 5 in Invocations
  9386 | D:9      | Found a glowing golden altar of the Shining One.
  9493 | D:9      | Found a broken altar of Ashenzari.
  9506 | D:9      | Found an opulent altar of Gozag.
  9509 | D:9      | Found Gozag's Platinum Reserve.
  9661 | D:9      | Reached **** piety under Okawaru
  9774 | D:9      | Found a runed translucent gate.
  9775 | D:9      | Found a runed translucent gate.
  9775 | D:9      | Identified the +4 chain mail "Nahisk" {Fly rElec Str+2}
  9775 | D:9      | Noticed om's ghost (novice PaBe)
  9776 | D:9      | Found a runed translucent gate.
 10010 | D:9      | Found the +3 pair of seven-league boots {Rampage+∞}
 10042 | D:10     | Entered Level 10 of the Dungeon
 10595 | D:11     | Reached skill level 5 in Dodging
 10704 | D:11     | Identified the +6 long sword "Puewn" {freeze, rPois rN+
                  | Int-5}
 10774 | D:11     | Noticed a cyclops
 10780 | D:11     | Noticed a white ugly thing
 10787 | D:11     | Killed a cyclops
 10796 | D:11     | Reached ***** piety under Okawaru
 10812 | D:11     | Killed a white ugly thing
 10813 | D:11     | Reached skill level 10 in Fighting
 10813 | D:11     | Reached XP level 11. HP: 59/99 MP: 14/14
 10847 | D:10     | Gained mutation: You are agile. (Dex +4, Str/Int -1)
                  | [potion of mutation]
 11717 | D:10     | Found a sparkling altar of Nemelex Xobeh.
 11757 | D:10     | Identified the +8 broad axe "Timetac" {protect, rF+ Dex+2}
                  | (Okawaru gifted it to you on level 10 of the Dungeon)
 11757 | D:10     | Received a gift from Okawaru
 12167 | D:10     | Found a staircase to the Lair.
 12170 | D:10     | Noticed a death yak
 12170 | D:10     | Noticed a death yak
 12171 | D:10     | Noticed a death yak
 12201 | D:10     | Killed a death yak
 12202 | D:10     | Reached skill level 10 in Armour
 12224 | D:10     | Killed a death yak
 12289 | D:10     | Killed from afar by an acid dragon

Illustrated notes

Levels and vault maps discovered:
D:1:      dpeg_arrival_lava_altar, layout_basic,
          nicolae_ecumenical_snake_handling
D:2:      layout_rooms, basic_altar, uniq_crazy_yiuf_cottage, uniq_terence,
          uniq_robin
D:3:      layout_loops_corners, fedhas_ov_isle_minmay
D:4:      layout_loops_ring, minmay_temple_entry_ruins,
          cheibrodos_sewer_entry_bend, uniq_sigmund, uniq_menkaure
D:5:      layout_rooms, mainiacjoe_overflow_six_doors_small,
          mainiacjoe_overflow_brackets, serial_shops, shop
D:6:      layout_layer_cave, lemuel_round_altar, led_xom_imps
D:7:      layout_rooms, mainiacjoe_overflow_paths
D:8:      layout_basic, mainiacjoe_overflow_concentric_impassable
D:9:      layout_big_octagon, cheibrodos_ashenzari_chains,
          nicolae_gozag_zags_fifth_avenue, kennysheep_mini_moat,
          biasface_ghost_orc_armoury
D:10:     erik_rubicon_a, layout_basic, kennysheep_little_box,
          overflow_temple_1_default, nicolae_overflow_hidden_temple,
          dpeg_lair_monsters
D:11:     layout_cave_pools, hiddenorc1_lemuel, serial_shops,
          nicolae_shop_statue_plus, chequers_arboretum, uniq_urug
Temple:   hellmonk_temple_micro_hex

Skill      XL: |  1  2  3  4  5  6  7  8  9 10 11 |
---------------+----------------------------------+-----
Fighting       | 4 5 6 8 10 | 10.5
Armour         | 4 5 6 7 8 9 10 | 10.0
Shields        | 4 5 6 7 |  7.2
Axes           | 3 4 5 6 8 |  8.7
Dodging        | 1 2 3 4 5 |  5.8
Invocations    | 1 3 4 6 |  6.5
Maces & Flails | 5 7 |  7.9
Stealth        | 1 |  1.2
Throwing       | |  0.8

Action                   |  1- 3 |  4- 6 |  7- 9 | 10-12 || total
-------------------------+-------+-------+-------+-------++-------
Melee: War axe           |    46 |   146 |   100 |       ||   292
       Headbutt          |     5 |    19 |    73 |    84 ||   181
       Mace              |       |       |   223 |   336 ||   559
       Broad axe         |       |       |       |    50 ||    50
Throw: Javelin           |       |     4 |     5 |       ||     9
       Throwing net      |       |       |     1 |       ||     1
Invok: Heroism           |       |       |     2 |     1 ||     3
  Use: Potion            |     1 |       |     8 |     6 ||    15
       Scroll            |       |     7 |     3 |     7 ||    17
 Stab: Distracted        |       |       |     1 |       ||     1
Armor: Scale mail        |    19 |    61 |   209 |   269 ||   558
       Skin              |       |       |       |    55 ||    55
Dodge: Dodged            |    34 |    52 |   192 |   236 ||   514
Block: Buckler           |    13 |    34 |    87 |   123 ||   257
